 Dungeon Crawl Stone Soup version 0.30.0-10-gfe55d96785 (webtiles) character file.

Game seed: 2610423177368001265

191 FishyPogo the Firebug (level 5, 0/35 HPs)
             Began as a Demonspawn Fire Elementalist on May 15, 2023.
             Was an Initiate of Sif Muna.
             Frozen to death by an endoplasm (2 damage)
             ... on level 4 of the Dungeon.
             The game lasted 00:20:44 (3712 turns).

FishyPogo the Firebug (DsFE)                        Turns: 3712, Time: 00:20:45

Health: 0/35       AC:  4    Str:  8    XL:     5   Next: 42%
Magic:  6/9        EV: 12    Int: 19    God:    Sif Muna [......]
Gold:   157        SH:  0    Dex: 13    Spells: 6/9 levels left

rFire   + + .        q - +0 quarterstaff of Ideqoss {pain, rF++ Will+}
rCold   + . .        (shield currently unavailable)
rNeg    . . .        a - +0 robe
rPois   .            (no helmet)
rElec   .            m - +0 cloak
rCorr   .            (no gloves)
SInv    .            (no boots)
Will    +....        (no amulet)
Stlth   ++           i - ring of flight
HPRegen 0.25/turn    (no ring)
MPRegen 0.11/turn

%: no passive effects
@: flying
A: powered by death 1, demonic touch 2, cold resistance 1, shaggy fur 1, subdued
magic 1
a: Renounce Religion


You were on level 4 of the Dungeon.
You worshipped Sif Muna.
Sif Muna was noncommittal.
You visited 2 branches of the dungeon, and saw 5 of its levels.

You collected 157 gold pieces.

Inventory:

Hand Weapons
 q - the +0 quarterstaff of Ideqoss (weapon) {pain, rF++ Will+}
   (You found it on level 3 of the Dungeon)

   rF:        It greatly protects you from fire.
   Will:      It increases your willpower.
Missiles
 h - 13 stones
 j - 2 poisoned darts
Armour
 a - a +0 robe (worn)
 m - a +0 cloak (worn)
Jewellery
 i - a ring of flight (left hand)
 u - an amulet of faith
Scrolls
 g - 2 scrolls of enchant weapon
Potions
 b - a potion of magic
 c - a potion of invisibility
 e - a potion of ambrosia {unknown}
 l - a potion of haste {unknown}
 n - 3 potions of curing
 o - a potion of flight {unknown}
 p - a potion of resistance {unknown}
 s - a potion of brilliance {unknown}


   Skills:
 + Level 2.5 Dodging
 - Level 2.0 Stealth
 + Level 1.2 Unarmed Combat
 * Level 2.8 Spellcasting
 + Level 2.1 Conjurations
 * Level 2.2 Summonings
 + Level 3.2 Fire Magic


You had 6 spell levels left.
You knew the following spells:

 Your Spells              Type           Power      Damage    Failure   Level
a - Foxfire               Conj/Fire      40%        2x1d6     3%          1
b - Call Imp              Summ           16%        N/A       8%          2

Your spell library contained the following spells:

 Spells                   Type           Power      Damage    Failure   Level
 Scorch                   Fire           22%        2d5       4%          2
 Cigotuvi's Dreadful Rot  Necr/Pois/Air  4%         N/A       21%         2
 Lesser Beckoning         Tloc           4%         N/A       21%         2
 Inner Flame              Hex/Fire       6%         N/A       21%         3
 Volatile Blastmotes      Fire/Tloc      12%        2d11      21%         3
 Gell's Gravitas          Tloc           2%         N/A       38%         3
 Teleport Other           Tloc           2%         N/A       38%         3
 Flame Wave               Conj/Fire      10%        2d6       41%         4
 Summon Lightning Spire   Summ/Air       5%         N/A       65%         4
 Storm Form               Tmut/Air       1%         N/A       100%        7
 Infestation              Necr           1%         N/A       100%        8
 Maxwell's Capacitive Co  Air            1%         ∞         100%        8


Dungeon Overview and Level Annotations

Branches:
Dungeon (4/15)             Temple (1/1) D:4

Altars:
Cheibriados
Fedhas
Gozag
Hepliaklqana
Kikubaaqudgha
Nemelex Xobeh
Okawaru
Qazlal
Ru
Sif Muna
Trog
Uskayaw
Yredelemnul

Shops:
D:3 =


Innate Abilities, Weirdness & Mutations

You regenerate a little health from kills.
Your touch may inflict irresistible damage on your foes.
Your flesh is cold resistant. (rC+)
You are covered in fur. (AC +1)
Your spells are a little easier to cast, but a little less powerful.


Message History

You closely miss the goblin. The phantom hits you.
The phantom blinks!
You blink.
The phantom hits you but does no damage.
You sock the goblin!
You kill the goblin!
Sif Muna accepts your kill. The phantom barely misses you.
You closely miss the phantom.
The phantom is lightly damaged.
The phantom closely misses you.
You hit the phantom but do no damage.
The phantom is lightly damaged.
The phantom hits you.
The phantom blinks!
You blink.
The endoplasm freezes you.
You are frozen.
You resist. The phantom misses you.
Casting: Call Imp (safe; 8% risk of failure)
Confirm with . or Enter, or press ? or * to list all spells.
A tiny devil pulls itself out of the air.
The endoplasm freezes you.
You are frozen.
You resist. The phantom hits you.
* * * LOW HITPOINT WARNING * * *
The phantom attacks as you move away! The phantom barely misses you.
Your cerulean imp hits the phantom from afar with a -4 spear.
You hit the endoplasm.
Your attack snaps the endoplasm out of its fear.
The endoplasm is severely wounded.
The endoplasm barely misses you. The phantom barely misses you.
Your cerulean imp closely misses the phantom.
You hit the endoplasm.
The endoplasm is almost dead.
The endoplasm hits you.
* * * LOW HITPOINT WARNING * * *
The phantom hits you.
* * * LOW HITPOINT WARNING * * *
The phantom blinks!
You blink.
Your cerulean imp hits the phantom from afar with a -4 spear.
The phantom attacks as you move away! The phantom barely misses you.
The endoplasm freezes you.
You are frozen.
You resist.
You die...

##..##...# .###
#.##...##########...#
.##.........§....#.#
?###.#########.......
#.#.....##..##.##..#
#.#..<#)##.##...##.#
#.#......§.#.###.#.#
#
#.#.....J..#..}..#.#
#
#.#......@5#.###.#.#
#.#o####.#.##...##.#
#.#.####..W.##.##..#
#.#.....#...).....#
#.#####.##.......##
#.# #.########## #.#
#.# #5# #.# #.# #.#


You could see a phantom (ally target), an orc, an endoplasm and a friendly
cerulean imp (summoned).

Vanquished Creatures
  A phantom (D:4)
  3 adders
  A worm (D:2)
  3 dart slugs
  5 bats
  7 endoplasms
  3 giant cockroaches
  8 hobgoblins
  6 kobolds
  4 quokkas
  10 ball pythons
  2 frilled lizards
  8 goblins
  5 rats
66 creatures vanquished.

Vanquished Creatures (collateral kills)
  An adder (D:4)
1 creature vanquished.

Vanquished Creatures (others)
  162 foxfires
162 creatures vanquished.

Grand Total: 229 creatures vanquished

Notes
Turn   | Place    | Note
-------+----------+-------------------------------------------
     0 | D:1      | FishyPogo the Demonspawn Fire Elementalist began the quest
                  | for the Orb.
     0 | D:1      | Reached XP level 1. HP: 13/13 MP: 3/3
   150 | D:1      | Got the Folio of the Doomed Throng
   285 | D:1      | Gained mutation: Your touch may inflict minor irresistible
                  | damage on your foes. [demonic ancestry]
   285 | D:1      | Reached XP level 2. HP: 17/19 MP: 0/5
  1357 | D:2      | Learned a level 2 spell: Call Imp
  1543 | D:2      | Reached skill level 3 in Fire Magic
  1543 | D:2      | Gained mutation: You regenerate a little health from kills.
                  | [demonic ancestry]
  1543 | D:2      | Reached XP level 3. HP: 22/24 MP: 3/6
  1898 | D:2      | Found a faded altar of an unknown god.
  2194 | D:2      | Reached skill level 1 in Summonings
  2649 | D:3      | Found Esites's Jewellery Boutique.
  2696 | D:3      | Reached XP level 4. HP: 30/30 MP: 4/7
  2844 | D:3      | Identified the +0 quarterstaff of Ideqoss {pain, rF++
                  | Will+}
  3161 | D:3      | Reached skill level 1 in Unarmed Combat
  3492 | D:4      | Found a staircase to the Ecumenical Temple.
  3501 | Temple   | Entered the Ecumenical Temple
  3541 | Temple   | Became a worshipper of Sif Muna the Loreminder
  3576 | D:4      | Noticed a phantom
  3598 | D:4      | Killed a phantom
  3599 | D:4      | Gained mutation: Your touch may inflict irresistible damage
                  | on your foes. [demonic ancestry]
  3599 | D:4      | Reached XP level 5. HP: 24/35 MP: 1/9
  3600 | D:4      | Noticed a phantom
  3632 | D:4      | Gained mutation: You are covered in fur. (AC +1) [potion of
                  | mutation]
  3632 | D:4      | Gained mutation: Your spells are a little easier to cast,
                  | but a little less powerful. [potion of mutation]
  3632 | D:4      | Gained mutation: Your flesh is cold resistant. (rC+)
                  | [potion of mutation]
  3712 | D:4      | Frozen to death by an endoplasm

Illustrated notes

Levels and vault maps discovered:
D:1:      dpeg_arrival_water_fire, layout_loops_ring,
          minmay_misc_feat_secret_circle
D:2:      layout_loops_ring, shapermc_ecumenical_altar_notcrosses
D:3:      layout_basic, serial_shops, shop, kennysheep_big_empty_room,
          kennysheep_path_1
D:4:      layout_basic, minmay_temple_entry_gardened_gates,
          portal_sewer_entry_d, minmay_checkerbox
Temple:   nicolae_temple_ecumenical_triangle

Skill      XL: |  1  2  3  4 |
---------------+-------------+-----
Stealth        | 2 |  2.0
Dodging        | 2 |  2.5
Fire Magic     | 3 |  3.2
Summonings     | 1 2 |  2.2
Unarmed Combat | 1 |  1.2
Conjurations   | 2 |  2.1
Spellcasting   | |  2.8

Action                     |  1- 3 |  4- 6 || total
---------------------------+-------+-------++-------
  Melee: Unarmed           |    59 |     2 ||    61
         Punch             |     1 |       ||     1
         Touch             |     5 |       ||     5
         Quarterstaff      |       |    42 ||    42
  Throw: Stone             |       |     1 ||     1
   Cast: Foxfire           |    93 |    34 ||   127
         Call Imp          |       |     5 ||     5
    Use: Scroll            |       |     7 ||     7
         Potion            |       |     2 ||     2
   Stab: Sleeping          |     1 |     2 ||     3
 Armour: Robe              |    14 |     7 ||    21
  Dodge: Dodged            |    59 |    38 ||    97
